 Dungeon Crawl Stone Soup version 0.31-a0-496-g6f97920a28 (webtiles) character file.

Game seed: 7415222406553760909

2413 innerfire43 the Magus (level 9, -7/65 HPs)
             Began as a Demonspawn Monk on Aug 7, 2023.
             Was an Elder of Nemelex Xobeh.
             Mangled by an orc knight
             ... wielding a +0 halberd
              (20 damage)
             ... in a bailey on Aug 8, 2023.
             The game lasted 00:13:57 (5715 turns).

innerfire43 the Magus (Demonspawn Monk)             Turns: 5715, Time: 00:13:58

Health: -7/65      AC: 21    Str: 16    XL:     9   Next: 23%
Magic:  14/14      EV: 10    Int: 11    God:    Nemelex Xobeh [****..]
Gold:   381        SH:  0    Dex: 16    Spells: 12/14 levels left

rFire   . . .        H - +4 quarterstaff (chaos)
rCold   . . .        (shield currently unavailable)
rNeg    + . .        p - +0 scale mail
rPois   +            g - +0 helmet
rElec   .            l - +2 cloak
rCorr   .            m - +2 pair of gloves
SInv    .            (no boots)
Will    .....        E - amulet of faith Stlth
                     o - ring of poison resistance
HPRegen 0.30/turn    c - ring of positive energy
MPRegen 0.14/turn

%: faith
@: sanguine armoured
A: claws 1, spiny 2, sanguine armour 1
a: Renounce Religion, Draw Escape, Draw Destruction, Draw Summoning, Triple
Draw, Deal Four


You were in a bailey.
You worshipped Nemelex Xobeh.
Nemelex Xobeh was greatly pleased with you.
You visited 1 branch of the dungeon, and saw 7 of its levels.
You also visited: Bailey.

You collected 381 gold pieces.

Inventory:

Hand Weapons
 a - a +0 hand axe
 H - a +4 quarterstaff of chaos (weapon)
Armour
 d - an orb of light
 g - a +0 helmet (worn)
 l - a +2 cloak (worn)
 m - a +2 pair of gloves (worn)
 p - a +0 scale mail (worn)
 M - a +0 plate armour
Jewellery
 b - an amulet of magic regeneration
 c - a ring of positive energy (right hand)
 e - a ring of wizardry
 k - a ring of wizardry
 o - a ring of poison resistance (left hand)
 E - an amulet of faith (around neck)
 J - a ring of see invisible
Talismans
 h - a beast talisman
 K - a blade talisman
Wands
 f - a wand of polymorph (15)
 y - a wand of digging (1)
 D - a wand of flame (9)
 I - a wand of acid (10)
Scrolls
 i - 3 scrolls of identify
 q - 3 scrolls of noise
 s - 2 scrolls of teleportation
 u - 2 scrolls of fear
 v - 4 scrolls of fog
 x - 3 scrolls of vulnerability
 A - 2 scrolls of silence
 B - 2 scrolls of blinking
 F - a scroll of immolation
 L - a scroll of torment {unknown}
Potions
 j - 4 potions of lignification {unknown}
 n - a potion of mutation {unknown}
 r - a potion of enlightenment {unknown}
 t - a potion of heal wounds {unknown}
 w - a potion of brilliance {unknown}
 z - 3 potions of might {unknown}
 C - 2 potions of cancellation {unknown}
 G - a potion of degeneration {unknown}


   Skills:
 - Level 4.1 Fighting
 - Level 3.0 Axes
 * Level 3.6 Staves
 - Level 5.0 Armour
 - Level 3.0 Dodging
 * Level 3.2 Spellcasting
 * Level 3.1 Transmutations
 - Level 7.0 Invocations
 + Level 4.0 Shapeshifting


You had 12 spell levels left.
You knew the following spells:

 Your Spells              Type           Power      Damage    Failure   Level
a - Wereblood             Tmut           8%         N/A       34%         2

Your spell library contained the following spells:

 Spells                   Type           Power      Damage    Failure   Level
 Freeze                   Ice            4%         1d3       65%         1
 Frozen Ramparts          Ice            2%         1d1       95%         3
 Hailstorm                Conj/Ice       1%         3d3       95%         3
 Vhi's Electric Charge    Tloc/Air       2%         N/A       95%         3
 Arcjolt                  Conj/Air       0%         1d10      100%        5
 Irradiate                Conj/Tmut      2%         3d12      100%        5
 Plasma Beam              Fire/Air       0%         2x1d10    100%        6


Dungeon Overview and Level Annotations

Branches:
Dungeon (7/15)             Temple (0/1) D:6          Bailey (1/1)

Altars:
Dithmenos
Nemelex Xobeh
Qazlal
Uskayaw
Yredelemnul

Shops:
D:1 ?   D:4 (


Innate Abilities, Weirdness & Mutations

You have sharp fingernails.
You are mostly covered in sharp spines.
When seriously injured, your blood forms armour. (AC +6)


Message History

The orc knight is struck by your spines.
The orc knight closely misses you.
The orc knight hits you but does no damage.
You hit the orc knight. You freeze the orc knight.
The orc knight is moderately wounded.
The orc knight hits you with a +0 halberd.
You hit the orc knight but do no damage.
Space warps around the orc knight.
The orc knight is moderately wounded.
The orc knight is struck by your spines.
The orc knight hits you with a +0 halberd.
You closely miss the orc knight.
The orc knight is heavily wounded.
The orc knight closely misses you.
You hit the orc knight.
The orc knight seems to grow stronger.
The orc knight is heavily wounded.
The orc knight is struck by your spines.
The orc knight hits you with a +0 halberd!!
Your blood congeals into armour.
You are too injured to fight recklessly!
You are too injured to fight recklessly!
You are too injured to fight recklessly!
Unknown command.
You hit the orc knight but do no damage.
Lightning courses through the orc knight!
The orc knight is severely wounded.
The orc knight hits you with a +0 halberd.
* * * LOW HITPOINT WARNING * * *
Unknown command.
You thump the orc knight!
The orc knight is poisoned.
The orc knight is almost dead.
The orc knight is struck by your spines.
The orc knight hits you with a +0 halberd.
* * * LOW HITPOINT WARNING * * *
Unknown command.
You hit the orc knight.
The orc knight is almost dead.
The orc knight hits you with a +0 halberd!!
You die...
Your body glows slightly and disappears.

########'###'########
..##.......§§##
.#'..≈≈≈≈≈§≈..##
##..§≈.....≈§).##
#....§.⌠∩⌠[)....#
#..≈≈...⌠..)≈≈..#+#
##..≈≈.....≈§§.##.## ~
.##..≈≈§.§≈≈..'#o..##..~
..##........§##.@...#
########+############
... ~~~ ..~ #..


You could see an orc knight (strong, very poisoned).

Vanquished Creatures
  Sigmund (D:5)
  A wyvern (D:3)
  2 steam dragons
  Edmund (D:5)
  A water moccasin (D:7)
  3 orc warriors (Bailey)
  A black bear (D:5)
  3 ogres
  2 boggarts (Bailey)
  A phantom (D:6)
  A lemure (D:5)
  A scorpion (D:6)
  A killer bee (D:3)
  A quasit (D:5)
  3 jellies
  A cerulean imp (D:5)
  A sleepcap (D:6)
  5 hounds
  An orc priest (D:5)
  4 iguanas
  An orc wizard (D:5)
  Robin (D:2)
  7 adders
  2 shadow imps (D:6)
  3 white imps
  An ufetubus (D:6)
  3 worms
  4 dart slugs
  16 orcs
  6 ball pythons
  4 bats
  2 endoplasms
  2 giant cockroaches (D:1)
  19 goblins
  7 hobgoblins
  15 jackals
  8 quokkas
  4 frilled lizards
  6 kobolds
  5 rats
151 creatures vanquished.

Vanquished Creatures (others)
  A dart slug (D:5)
1 creature vanquished.

Grand Total: 152 creatures vanquished

Notes
Turn   | Place    | Note
-------+----------+-------------------------------------------
     0 | D:1      | innerfire43 the Demonspawn Monk began the quest for the
                  | Orb.
     0 | D:1      | Reached XP level 1. HP: 18/18 MP: 1/1
    62 | D:1      | Gained mutation: You are partially covered in sharp spines.
                  | [demonic ancestry]
    62 | D:1      | Reached XP level 2. HP: 22/24 MP: 2/2
    66 | D:1      | Upgraded the game from 0.31-a0-486-g8d68a81214 to
                  | 0.31-a0-496-g6f97920a28
   190 | D:1      | Reached XP level 3. HP: 29/29 MP: 3/3
   537 | D:1      | Found Onoqawk's Magic Scroll Emporium.
  1153 | D:2      | Noticed Robin
  1162 | D:2      | Reached skill level 1 in Shapeshifting
  1165 | D:2      | Reached XP level 4. HP: 30/37 MP: 4/4
  1189 | D:2      | Killed Robin
  1715 | D:3      | Found a shadowy altar of Dithmenos.
  1743 | D:3      | Found a sparkling altar of Nemelex Xobeh.
  1752 | D:3      | Became a worshipper of Nemelex Xobeh the Trickster
  1752 | D:3      | Reached * piety under Nemelex Xobeh
  1752 | D:3      | Received a gift from Nemelex Xobeh
  1752 | D:3      | Reached ** piety under Nemelex Xobeh
  1849 | D:3      | Found a transporter.
  1853 | D:3      | Found a basalt altar of Yredelemnul.
  1853 | D:3      | Noticed an ice beast
  1854 | D:3      | Found a stormy altar of Qazlal.
  1855 | D:3      | Found a hide-covered altar of Uskayaw.
  1855 | D:3      | Noticed a bullfrog
  1960 | D:3      | Found a transporter.
  2091 | D:3      | Reached XP level 5. HP: 38/42 MP: 5/5
  2397 | D:3      | an ice beast changed into a wyvern
  2397 | D:3      | Noticed a wyvern
  2399 | D:3      | Reached skill level 1 in Armour
  2399 | D:3      | Reached skill level 2 in Invocations
  2401 | D:3      | Killed a wyvern
  2402 | D:3      | Reached skill level 3 in Invocations
  2402 | D:3      | Gained mutation: You are mostly covered in sharp spines.
                  | [demonic ancestry]
  2402 | D:3      | Reached XP level 6. HP: 42/48 MP: 5/8
  2484 | D:4      | Reached skill level 4 in Invocations
  2555 | D:4      | Received a gift from Nemelex Xobeh
  2562 | D:4      | Found Zyerchael's Weapon Shop.
  2970 | D:4      | Reached XP level 7. HP: 54/54 MP: 10/10
  3148 | D:4      | Reached *** piety under Nemelex Xobeh
  3153 | D:5      | Entered Level 5 of the Dungeon
  3202 | D:5      | Noticed Edmund
  3216 | D:5      | Killed Edmund
  3217 | D:5      | Reached skill level 5 in Invocations
  3366 | D:5      | Noticed Sigmund
  3368 | D:5      | Noticed Pikel
  3378 | D:5      | Killed Sigmund
  3379 | D:5      | Reached skill level 6 in Invocations
  3379 | D:5      | Noticed Ijyb
  3390 | D:5      | HP: 2/54 [Pikel/+0 whip of flaming (1)]
  3392 | D:5      | Pikel changed into Pikel the ogre
  3392 | D:5      | Noticed Pikel
  3392 | D:5      | Ijyb changed into Ijyb the iguana
  3392 | D:5      | Noticed Ijyb
  3393 | D:5      | Killed Ijyb the iguana
  3393 | D:5      | Killed Pikel the ogre
  3394 | D:5      | Gained mutation: You have sharp fingernails. [demonic
                  | ancestry]
  3394 | D:5      | Reached XP level 8. HP: 4/60 MP: 12/12
  3884 | D:5      | Found a runed translucent door.
  3885 | D:5      | Noticed Crazy Yiuf
  4033 | D:5      | Crazy Yiuf changed into Crazy Yiuf the jelly
  4033 | D:5      | Noticed Crazy Yiuf
  4036 | D:5      | Killed Crazy Yiuf the jelly
  4149 | D:6      | Reached skill level 1 in Staves
  4149 | D:6      | Reached skill level 7 in Invocations
  4205 | D:6      | Reached skill level 5 in Armour
  4208 | D:6      | Learned a level 2 spell: Wereblood
  4270 | D:6      | Reached skill level 1 in Spellcasting
  4270 | D:6      | Reached skill level 1 in Transmutations
  4337 | D:6      | HP: 2/60 [ogre/+0 giant club (14)]
  4820 | D:6      | Reached **** piety under Nemelex Xobeh
  4859 | D:6      | Found a staircase to the Ecumenical Temple.
  5213 | D:7      | Received a gift from Nemelex Xobeh
  5238 | D:7      | Found a flagged portal.
  5252 | Bailey   | Entered a bailey
  5278 | Bailey   | Gained mutation: When seriously injured, your blood forms
                  | armour. (AC +6) [demonic ancestry]
  5278 | Bailey   | Reached XP level 9. HP: 23/65 MP: 14/14
  5704 | Bailey   | Noticed an orc knight
  5715 | Bailey   | Mangled by an orc knight

Illustrated notes

Levels and vault maps discovered:
D:1:      spicycebolla_green_bress_n_ham_2, layout_rooms, serial_shops, shop,
          minmay_misc_feat_hallway
D:2:      layout_basic, uniq_robin
D:3:      minmay_evil_eye, layout_basic,
          mainiacjoe_overflow_concentric_impassable, lemuel_tele_altar,
          gammafunk_temple_overflow_arena, nemelex_altar_shiori,
          kennysheep_generic_room_6
D:4:      layout_gridville, serial_shops, nicolae_shop_bloodbath_and_beyond,
          minmay_statues_item
D:5:      layout_rooms, uniq_ijyb, uniq_crazy_yiuf_cottage, uniq_edmund,
          uniq_sigmund, uniq_pikel
D:6:      wad_pebble_path, layout_basic, minmay_temple_entry_fiery
D:7:      layout_gridville, enter_bailey_2, minmay_alternating_orb,
          uniq_prince_ribbit1
Bailey:   bailey_polearm_1, bailey

Skill      XL: |  1  2  3  4  5  6  7  8  9 |
---------------+----------------------------+-----
Axes           | 3 |  3.0
Dodging        | 3 |  3.0
Shapeshifting  | 1 2 3 4 |  4.0
Fighting       | 4 |  4.1
Armour         | 2 3 4 5 |  5.0
Invocations    | 3 4 6 7 |  7.0
Staves         | 3 |  3.6
Spellcasting   | 2 3 |  3.2
Transmutations | 2 3 |  3.1

Action                     |  1- 3 |  4- 6 |  7- 9 || total
---------------------------+-------+-------+-------++-------
  Melee: Hand axe          |    75 |    81 |    62 ||   218
         Quarterstaff      |       |       |    71 ||    71
 Invoke: Draw Destruction  |       |     2 |    16 ||    18
    Use: Potion            |     1 |       |     2 ||     3
         Scroll            |     3 |     1 |     8 ||    12
 Armour: Robe              |    30 |     8 |       ||    38
         Scale mail        |       |    33 |    84 ||   117
  Dodge: Dodged            |    79 |    41 |   101 ||   221

Table legend: (Time is in decaauts)
 A = Elapsed time spent in this place.
 B = Non-inter-level travel time spent in this place.
 C = Inter-level travel time spent in this place.
 D = Time resting spent in this place.
 E = Time spent auto-exploring this place.
 F = Levels seen in this place.
 G = Mean time per level.
                   A        B        C        D        E       F      G
               +--------+--------+--------+--------+--------+-----+--------+
         Total |   5760 |   5091 |    669 |      0 |   4127 |   8 |  720.0 |
       Dungeon |   5288 |   4619 |    669 |      0 |   3776 |   7 |  755.4 |
        Bailey |    472 |    472 |      0 |      0 |    350 |   1 |  472.0 |
               +--------+--------+--------+--------+--------+-----+--------+

Top non-repeatable levels by time:
     D:6: 1032 daAuts
     D:5: 987 daAuts
     D:2: 986 daAuts
     D:3: 920 daAuts
     D:4: 684 daAuts
     D:1: 583 daAuts
  Bailey: 472 daAuts
     D:7: 93 daAuts
